 Dungeon Crawl Stone Soup version 0.19.4-9-g45fd643 (webtiles) character file.

1539 empire the Soothsayer (level 8, -8/56 HPs)
             Began as a Red Draconian Monk on Feb 17, 2017.
             Was a Priest of Nemelex Xobeh.
             Mangled by a wyvern zombie (9 damage)
             ... on level 6 of the Dungeon.
             The game lasted 00:13:28 (5460 turns).

empire the Soothsayer (Red Draconian Monk)          Turns: 5460, Time: 00:13:29

Health: -8/56      AC:  6    Str: 14    XL:     8   Next: 56%
Magic:  12/12      EV: 15    Int: 10    God:    Nemelex Xobeh [***...]
Gold:   210        SH:  0    Dex: 16    Spells: 0 memorised, 7 levels left

rFire  + + +     SeeInvis .     b - +0 rapier
rCold  x x .     Gourm    .     (armour unavailable)
rNeg   . . .     Faith    .     (no shield)
rPois  .         Spirit   .     (helmet restricted)
rElec  .         Reflect  .     (no cloak)
rCorr  .         Harm     .     (no gloves)
MR     .....                    (no boots)
Stlth  +++.......               r - amulet of magic regeneration
                                g - ring of fire
                                e - ring of fire

@: short of breath, drained
A: breathe fire, unfitting armour, antennae 1, stinger 1, talons 1, fire
resistance 1, frail 1, cold-blooded, AC +6
a: Breathe Fire, Triple Draw, Renounce Religion


You were on level 6 of the Dungeon.
You worshipped Nemelex Xobeh.
Nemelex Xobeh was most pleased with you.
You were hungry.

You visited 2 branches of the dungeon, and saw 7 of its levels.
You also visited: Sewer.

You collected 210 gold pieces.

Inventory:

Hand Weapons
 a - a +0 short sword
 b - a +0 rapier (weapon)
 v - a cursed +0 scimitar
 C - a +2 spear of venom
 D - a cursed +1 long sword
Jewellery
 e - a ring of fire (left hand)
 g - a ring of fire (right hand)
 r - an amulet of magic regeneration (around neck)
Wands
 p - a wand of lightning (7/15)
Scrolls
 c - 2 scrolls of enchant weapon {unknown}
 d - 3 scrolls of random uselessness {unknown}
 k - a scroll of noise {unknown}
 m - a scroll of fear {unknown}
 n - 3 scrolls of identify {unknown}
 q - 2 scrolls of teleportation
 s - a scroll of remove curse {unknown}
 t - a scroll of fog {unknown}
 x - a scroll of blinking {unknown}
 y - 2 scrolls of immolation {unknown}
 B - a scroll of magic mapping
Potions
 f - 2 potions of agility
 j - a potion of flight
 l - a potion of brilliance
Miscellaneous
 o - a legendary deck of summoning
 w - a plain deck of destruction {drawn: 1}
 F - an ornate deck of summoning
Comestibles
 h - 2 fruits
 i - 2 bread rations
 u - 11 chunks of flesh
 z - a beef jerky
 A - a meat ration
 E - a slice of pizza


   Skills:
 - Level 3.2(3.1) Fighting
 - Level 5.4(5.2) Short Blades
 - Level 5.2(5.1) Dodging
 + Level 5.6(5.5) Stealth
 + Level 6.1(6.0) Invocations
 + Level 2.6(2.5) Evocations


You had 7 spell levels left.
You didn't know any spells.

Dungeon Overview and Level Annotations

Branches:
Dungeon (6/15)             Temple (1/1) D:4

Altars:
Ashenzari
Cheibriados
Dithmenos
Elyvilon
Fedhas
Gozag
Hepliaklqana
Kikubaaqudgha
Makhleb
Nemelex Xobeh
Okawaru
Qazlal
Ru
Sif Muna
Trog
Uskayaw
Vehumet
Xom
Yredelemnul
Zin
The Shining One

Shops:
D:4 [

Annotations:
D:3 maxonian's ghost, novice NaGl


Innate Abilities, Weirdness & Mutations

You can breathe blasts of fire.
Your fiery red scales are hard. (AC +6)
You cannot fit into any form of body armour.
Your flesh is heat resistant. (rF+)
You are cold-blooded and may be slowed by cold attacks.
You have a pair of small antennae on your head.
Your tail ends in a poisonous barb.
You have sharp toenails.
You are frail. (-10% HP)


Message History

The wyvern zombie is moderately damaged.
The wyvern zombie barely misses you. The wyvern zombie bites you!
* * * LOW HITPOINT WARNING * * *
You hit the wyvern zombie but do no damage.
You claw the wyvern zombie, but do no damage.
The wyvern zombie is moderately damaged.
The wyvern zombie bites you!
* * * LOW HITPOINT WARNING * * *
You hit the wyvern zombie but do no damage.
The wyvern zombie is moderately damaged.
The wyvern zombie closely misses you.
Unknown command.
Press: ? - help, Shift-Dir - straight line, f - wyvern zombie
Aim: a wyvern zombie (moderately damaged)
You breathe a blast of fire.
The fiery breath hits the wyvern zombie.
The wyvern zombie is heavily damaged.
You feel somewhat more hungry. The wyvern zombie bites you!
You die...
Your body glows with a rainbow of weird colours and disappears.

#######)# #.#.# #.####
#)# #.#.# #.#...
#####[## #.#.# #.#(## #
#......# #.#.# #.#.#
#.##......# #.#.###.#%#
#.........###.#.....#.##
#.##....................
# #.......##........(..
#...@...##.#.........
#....Z..##.#.###.#(..
#.......##.#.# ###...
####.##..#.... #...
#....ยง....# ####
#.........# #........
#... ..(


You could see a wyvern zombie.

Vanquished Creatures
  Purgy (Sewer)
  2 phantoms (D:5)
  2 ogres
  A big kobold (Sewer)
  A bullfrog (D:6)
  3 scorpions
  A wight (D:6)
  2 crimson imps (D:5)
  An orc priest (D:6)
  An iguana (D:5)
  2 orc wizards (D:5)
  4 worker ants
  3 adders
  2 river rats (D:3)
  A shadow imp (D:5)
  An adder skeleton (D:4)
  A worm (D:3)
  4 dart slugs
  A leopard gecko (D:4)
  11 orcs
  2 ball pythons
  8 bats
  5 giant cockroaches
  5 goblins
  6 hobgoblins
  7 jackals
  3 quokkas
  3 frilled lizards
  2 jackal skeletons
  11 kobolds
  7 rats
104 creatures vanquished.

Vanquished Creatures (collateral kills)
  2 sky beasts (D:5)
  An ogre (D:5)
  A wight (D:6)
  A howler monkey (D:4)
  A crimson imp (D:5)
  4 gnolls (D:4)
  An ooze (D:6)
  A worm (D:4)
  3 orcs
15 creatures vanquished.

Vanquished Creatures (others)
  An ogre (D:6)
  A wight (D:6)
2 creatures vanquished.

Grand Total: 121 creatures vanquished

Notes
Turn   | Place    | Note
-------+----------+-------------------------------------------
     0 | D:1      | empire the Draconian Monk began the quest for the Orb.
     0 | D:1      | Reached XP level 1. HP: 19/19 MP: 1/1
   107 | D:1      | Reached XP level 2. HP: 23/26 MP: 2/2
   876 | D:2      | Reached XP level 3. HP: 22/31 MP: 3/3
  1523 | D:3      | Noticed maxonian's ghost (novice NaGl)
  1608 | D:3      | Found a glowing drain.
  1612 | D:3      | Reached XP level 4. HP: 38/38 MP: 4/4
  1795 | Sewer    | Entered a sewer
  1849 | Sewer    | Noticed Purgy
  1855 | Sewer    | Gained mutation: You have sharp toenails. [potion of mutation]
  1855 | Sewer    | Gained mutation: You are frail. (-10% HP) [potion of mutation]
  1855 | Sewer    | Gained mutation: You have a pair of small antennae on your head. [potion of mutation]
  1867 | Sewer    | Killed Purgy
  1867 | Sewer    | Reached skill level 5 in Short Blades
  1867 | Sewer    | Reached XP level 5. HP: 31/40 MP: 5/5
  2356 | D:4      | Found Ygucos's Armour Shop.
  2410 | D:4      | Found a staircase to the Ecumenical Temple.
  2415 | D:4      | Reached XP level 6. HP: 38/45 MP: 6/6
  2422 | Temple   | Entered the Ecumenical Temple
  2696 | Temple   | Became a worshipper of Nemelex Xobeh the Trickster
  2696 | Temple   | Received a gift from Nemelex Xobeh
  2696 | Temple   | Reached * piety under Nemelex Xobeh
  2696 | Temple   | Received a gift from Nemelex Xobeh
  2696 | Temple   | Received a gift from Nemelex Xobeh
  2696 | Temple   | Reached ** piety under Nemelex Xobeh
  3158 | D:4      | Reached skill level 1 in Invocations
  3162 | D:4      | Reached skill level 5 in Dodging
  3167 | D:4      | Reached skill level 2 in Invocations
  3177 | D:4      | Received a gift from Nemelex Xobeh
  3564 | D:4      | Received a gift from Nemelex Xobeh
  3688 | D:5      | Entered Level 5 of the Dungeon
  3693 | D:5      | Reached *** piety under Nemelex Xobeh
  3778 | D:5      | Your scales start taking on a fiery red colour.
  3778 | D:5      | Reached XP level 7. HP: 18/51 MP: 7/9
  3778 | D:5      | Gained mutation: Your flesh is heat resistant. (rF+) [Red Draconian growth]
  3994 | D:5      | Reached skill level 3 in Invocations
  4104 | D:5      | Reached skill level 4 in Invocations
  4118 | D:5      | HP: 2/51 [shadow imp/nerve-wracking pain (4)]
  4492 | D:5      | Reached skill level 5 in Invocations
  4492 | D:5      | Reached XP level 8. HP: 14/56 MP: 11/11
  4512 | D:5      | Gained mutation: Your tail ends in a poisonous barb. [mutagenic meat]
  5034 | D:5      | Reached skill level 1 in Evocations
  5090 | D:6      | Received a gift from Nemelex Xobeh
  5151 | D:6      | Reached skill level 5 in Stealth
  5404 | D:6      | Reached skill level 6 in Invocations
  5458 | D:6      | HP: 1/56 [wyvern zombie (11)]
  5460 | D:6      | Mangled by a wyvern zombie

Skill      XL: |  1  2  3  4  5  6  7  8 |
---------------+-------------------------+-----
Dodging        | 3 4 5 |  5.2
Short Blades   | 4 5 |  5.4
Invocations    | 2 5 6 |  6.1
Stealth        | 2 4 5 |  5.6
Evocations     | 2 |  2.6
Fighting       | |  3.2

Action                   |  1- 3 |  4- 6 |  7- 9 || total
-------------------------+-------+-------+-------++-------
Melee: Short sword       |    52 |       |       ||    52
       Tailslap          |    10 |    20 |    19 ||    49
       Rapier            |    98 |   154 |   132 ||   384
       Kick              |       |    35 |    39 ||    74
 Abil: Breathe Fire      |       |       |     5 ||     5
Evoke: Deck              |       |     1 |    22 ||    23
  Use: Potion            |     3 |     3 |     6 ||    12
       Scroll            |     2 |       |       ||     2
 Stab: Sleeping          |     5 |     5 |     1 ||    11
       Invisible         |     2 |     1 |       ||     3
       Distracted        |       |       |     2 ||     2
  Eat: Chunk             |     1 |     8 |     7 ||    16
Armor: Skin              |    48 |    29 |    31 ||   108
Dodge: Dodged            |   182 |   138 |   101 ||   421
